 Dungeon Crawl Stone Soup version 0.27.1-15-g792fb953b9 (webtiles) character file.

Game seed: 12753818076767083638

147 spaced the Conjurer (level 5, -3/21 HPs)
             Began as a Felid Conjurer on Nov 19, 2021.
             Killed from afar by Ijyb (18 damage)
             ... with an iceblast
             ... on level 4 of the Dungeon.
             The game lasted 00:21:40 (3057 turns).

spaced the Conjurer (Felid Conjurer)                Turns: 3057, Time: 00:21:40

Health: -3/21      AC:  1    Str:  3    XL:     5   Next: 8%
Magic:  2/10       EV: 18    Int: 20    God:
Gold:   178        SH:  0    Dex: 15    Spells: 4/10 levels left
                                        Lives:  0   Deaths: 1

rFire    . . .     SeeInvis +     - Unarmed
rCold    . . .     Faith    .   (shield unavailable)
rNeg     . . .     Spirit   .   (armour unavailable)
rPois    .         Reflect  .   (helmet unavailable)
rElec    .         Harm     .   (cloak unavailable)
rCorr    .         Rampage  .   (gloves unavailable)
Will     .....                  (boots unavailable)
Stlth    +++.......             (no amulet)
HPRegen  0.07/turn              (no ring)
MPRegen  0.12/turn              (no ring)

@: quick
A: very small, claws 1, fangs 3, see invisible, speed 1, shaggy fur 1, stealthy
paws, no weapons or thrown items, no armour, multi-lived
a: no special abilities


You were on level 4 of the Dungeon.
You visited 1 branch of the dungeon, and saw 4 of its levels.

You collected 178 gold pieces.

Inventory:

Hand Weapons
 e - a +2 hunting sling of flaming
Armour
 c - a +0 robe
Magical Staves
 j - a staff of air
Wands
 i - a wand of flame (18) (quivered)
Scrolls
 d - a scroll of enchant armour
 g - a scroll of amnesia
 k - a scroll of teleportation {unknown}
Potions
 a - a potion of mutation {unknown}
 b - a potion of might {unknown}
 f - a potion of attraction {unknown}
 h - a potion of haste {unknown}
 l - a potion of heal wounds {unknown}
 m - a potion of resistance {unknown}


   Skills:
 + Level 0.1 Fighting
 + Level 3.6 Dodging
 + Level 3.9 Stealth
 + Level 1.3 Unarmed Combat
 + Level 3.2 Spellcasting
 + Level 4.7 Conjurations


You had 4 spell levels left.
You knew the following spells:

 Your Spells              Type           Power      Damage    Failure   Level
a - Magic Dart            Conj           88%        1d7       1%          1
b - Searing Ray           Conj           44%        3d4       3%          2
c - Dazzling Flash        Conj/Hex       24%        N/A       16%         3

Your spell library contained the following spells:

 Spells                   Type           Power      Damage    Failure   Level
 Ensorcelled Hibernation  Hex/Ice        6%         N/A       22%         2
 Spider Form              Tmut/Pois      1%         N/A       38%         3
 Fulminant Prism          Conj/Hex       6%         3d7       45%         4
 Iskenderun's Mystic Bla  Conj/Tloc      12%        2d5       45%         4
 Shadow Creatures         Summ           N/A        N/A       100%        6
 Starburst                Conj/Fire      6%         6d4       100%        6


Dungeon Overview and Level Annotations

Branches:
Dungeon (4/15)             Temple (0/1) D:4

Altars:

Annotations:
D:4 Dowan, Duvessa, Ijyb


Innate Abilities, Weirdness & Mutations

You have sharp claws.
You have razor-sharp teeth.
You have supernaturally acute eyesight. (SInv)
You cover ground quickly. (Speed+)
You are covered in fur. (AC +1)
Your paws help you pounce on unaware monsters.
You are incapable of wielding weapons or throwing items.
You cannot wear armour.
You gain extra lives every three experience levels.


Message History

Confirm with . or Enter, or press ? or * to list all spells.
Aiming: Magic Dart (safe; 1% risk of failure)
Press: ? - help, Shift-Dir - straight line, f/p - Ijyb
Aim: Ijyb, wielding a +0 dagger, wearing a +0 chain mail and carrying a wand of iceblast (8) (100% to hit)
The magic dart hits Ijyb.
Ijyb is lightly wounded.
Casting: Magic Dart (safe; 1% risk of failure)
Confirm with . or Enter, or press ? or * to list all spells.
Aiming: Magic Dart (safe; 1% risk of failure)
Press: ? - help, Shift-Dir - straight line, f/p - Ijyb
Aim: Ijyb, wielding a +0 dagger, wearing a +0 chain mail and carrying a wand of iceblast (8) (lightly wounded, 100% to hit)
The magic dart hits Ijyb.
Ijyb is moderately wounded.
Casting: Magic Dart (safe; 1% risk of failure)
Confirm with . or Enter, or press ? or * to list all spells.
Aiming: Magic Dart (safe; 1% risk of failure)
Press: ? - help, Shift-Dir - straight line, f/p - Ijyb
Aim: Ijyb, wielding a +0 dagger, wearing a +0 chain mail and carrying a wand of iceblast (8) (moderately wounded, 100% to hit)
The magic dart hits Ijyb but does no damage.
Ijyb is moderately wounded.
There is an open door here.
Casting: Magic Dart (safe; 1% risk of failure)
Confirm with . or Enter, or press ? or * to list all spells.
Aiming: Magic Dart (safe; 1% risk of failure)
Press: ? - help, Shift-Dir - straight line, f/p - Ijyb
Aim: Ijyb, wielding a +0 dagger, wearing a +0 chain mail and carrying a wand of iceblast (8) (moderately wounded, 100% to hit)
The magic dart hits Ijyb but does no damage.
Ijyb is moderately wounded.
Casting: Magic Dart (safe; 1% risk of failure)
Confirm with . or Enter, or press ? or * to list all spells.
Aiming: Searing Ray (safe; 3% risk of failure)
Press: ? - help, Shift-Dir - straight line, f/p - Ijyb
Aim: Ijyb, wielding a +0 dagger, wearing a +0 chain mail and carrying a wand of iceblast (8) (moderately wounded, 78% to hit)
The searing ray hits Ijyb but does no damage.
Ijyb is moderately wounded. (Press . to maintain the ray.) Ijyb hits you with a +0 dagger.
Ijyb zaps a wand.
The mass of ice explodes!
The iceblast engulfs you!!
Ouch! That really hurt!
You die...

##### ###...#
#.....# #.รท...#
#.....#
########'####
#..#..##..####.#
#..<......'....#
#.......@.#....+
#####.###.######
### #g##.##
#.....# #.....#
#.....# #.....#
#.....# ###..##


You could see Ijyb.

Vanquished Creatures
  An orc wizard (D:3)
  Natasha (twice) (D:3)
  6 adders
  4 dart slugs
  4 orcs (D:3)
  2 endoplasms
  A giant cockroach (D:2)
  2 goblins
  4 hobgoblins (D:1)
  3 jackals (D:1)
  3 quokkas
  8 ball pythons
  11 bats
  A frilled lizard (D:2)
  9 kobolds
  6 rats
67 creatures vanquished.

Notes
Turn   | Place    | Note
-------+----------+-------------------------------------------
     0 | D:1      | spaced the Felid Conjurer began the quest for the Orb.
     0 | D:1      | Reached XP level 1. HP: 7/7 MP: 4/4
    78 | D:1      | Found a faded altar of an unknown god.
   182 | D:1      | Reached skill level 4 in Conjurations
   185 | D:1      | Reached XP level 2. HP: 11/11 MP: 1/6
   198 | D:1      | Learned a level 2 spell: Searing Ray
   839 | D:1      | Reached XP level 3. HP: 12/14 MP: 3/7
   843 | D:1      | Learned a level 3 spell: Dazzling Flash
  1550 | D:2      | Reached XP level 4. HP: 18/18 MP: 0/9
  2064 | D:3      | Killed from afar by an orc wizard
  2065 | D:3      | Reached XP level 3. HP: -1/14 MP: 3/8
  2223 | D:3      | Reached skill level 1 in Unarmed Combat
  2223 | D:3      | Reached XP level 4. HP: 18/18 MP: 4/9
  2402 | D:3      | Noticed Natasha
  2411 | D:3      | Killed Natasha
  2518 | D:3      | Noticed Natasha
  2523 | D:3      | Killed Natasha
  2681 | D:3      | Reached XP level 5. HP: 21/21 MP: 10/10
  2772 | D:3      | Learned a level 3 spell: Dazzling Flash
  2774 | D:4      | Noticed Duvessa
  2774 | D:4      | Noticed Dowan
  2774 | D:4      | Found a staircase to the Ecumenical Temple.
  3044 | D:4      | Noticed Ijyb
  3057 | D:4      | Killed from afar by Ijyb

Illustrated notes

Levels and vault maps discovered:
D:1:      amcnicky_arrival_single_pillar, layout_basic, basic_ecumenical_altar
D:2:      layout_rooms
D:3:      layout_loops_ring, minmay_misc_feat_iff, uniq_natasha
D:4:      layout_gridville, minmay_temple_entry_statues_pillars,
          gammafunk_ghost_split, uniq_menkaure, uniq_duvessa, uniq_ijyb

Skill      XL: |  1  2  3 |
---------------+----------+-----
Conjurations   | 4 |  4.7
Dodging        | 3 |  3.6
Stealth        | 3 |  3.9
Unarmed Combat | 1 |  1.3
Spellcasting   | 3 |  3.2
Fighting       | |  0.1

Action                   |  1- 3 |  4- 6 || total
-------------------------+-------+-------++-------
Melee: Unarmed           |    35 |    21 ||    56
       Bite              |     2 |     1 ||     3
 Cast: Magic Dart        |    61 |    45 ||   106
       Searing Ray       |    10 |     3 ||    13
  Use: Scroll            |     4 |     1 ||     5
 Stab: Sleeping          |     3 |     3 ||     6
Armor: Skin              |     4 |     1 ||     5
Dodge: Dodged            |    51 |    24 ||    75
